 Dungeon Crawl Stone Soup version 0.20.1-1-g8b1a95d (webtiles) character file.

62 tidbits the Insei (level 3, -2/27 HPs)
             Began as a Demigod Transmuter on Aug 19, 2017.
             Slain by a jackal (3 damage)
             ... on level 3 of the Dungeon.
             The game lasted 00:07:16 (761 turns).

tidbits the Insei (Demigod Transmuter)               Turns: 761, Time: 00:07:16

Health: -2/27      AC:  2    Str: 15 (18) XL:     3   Next: 60%
Magic:  8/8        EV: 12    Int: 17 (19) God:
Gold:   124        SH:  0    Dex: 13 (16) Spells: 0/6 levels left

rFire    + . .     SeeInvis .     - Unarmed
rCold    + . .     Gourm    .   (no shield)
rNeg     . . .     Faith    .   b - +0 robe
rPois    +         Spirit   .   (no helmet)
rElec    +         Reflect  .   (no cloak)
rCorr    +         Harm     .   (no gloves)
MR       .....                  (boots currently unavailable)
Stlth    +.........             (no amulet)
Regen    0.1/turn               (no ring)
MPRegen  0.2/turn               (no ring)

@: mighty, appendage, resistant, very slightly contaminated
A: talons 3, high mp 1
a: End Transformation


You were on level 3 of the Dungeon.
You were hungry.
You had grown temporary talons.
You visited 1 branch of the dungeon, and saw 3 of its levels.

You collected 124 gold pieces.

Inventory:

Missiles
 a - 24 arrows
Armour
 b - a +0 robe (worn)
 k - a scarf of spirit shield
   (You found it on level 2 of the Dungeon)
Scrolls
 e - a scroll of enchant armour {unknown}
 l - a scroll of blinking {unknown}
 m - a scroll of remove curse {unknown}
Potions
 h - a potion of degeneration
Books
 c - a book of Changes

   Spells                             Type                      Level
   a - Beastly Appendage              Transmutation                1
   b - Sticks to Snakes               Transmutation                2
   c - Spider Form                    Transmutation/Poison         3
   d - Ice Form                       Ice/Transmutation            4
   e - Blade Hands                    Transmutation                5
Comestibles
 d - 4 bread rations
 g - a meat ration
 j - 7 fruits
 n - 3 chunks of flesh


   Skills:
 - Level 0.8 Fighting
 - Level 1.7 Dodging
 + Level 4.1 Unarmed Combat
 - Level 2.0 Spellcasting
 - Level 2.0 Transmutations


You couldn't memorise any spells.
You knew the following spells:

 Your Spells              Type           Power        Failure   Level  Hunger
e - Beastly Appendage     Tmut           #.....       9%          1    #......
k - Sticks to Snakes      Tmut           #.......     13%         2    ###....
p - Spider Form           Tmut/Pois      #.........   36%         3    ###....


Dungeon Overview and Level Annotations

Branches:
Dungeon (3/15)

Annotations:
D:2 Natasha


Innate Abilities, Weirdness & Mutations

You have an increased reservoir of magic. (+10% MP)
You have claws for feet.


Message History

Moving in this stuff is going to be slow.
You feel sick.
A goblin comes into view. It is wielding a club.
You feel sick.
You are no longer poisoned.
Your transformation has ended.
Your +0 robe unmelds from your body.
The goblin shouts!
The goblin barely misses you.
You barely miss the goblin.
Your adder closely misses the goblin.
You hit the goblin but do no damage. The goblin closely misses you.
Your adder closely misses the goblin.
You miss the goblin. The goblin hits you but does no damage.
Your adder barely misses the goblin.
You hit the goblin.
You kill the goblin!
You swap places.
Things that are here:
a club; a goblin corpse You open the large door.
There is a large open door here. 2 jackals come into view.
Casting: Spider Form
Confirm with . or Enter, or press ? or * to list all spells.
You miscast Spider Form.
You are very lightly contaminated with residual magic.
The air around you crackles with energy!
The jackal barks! x2
The jackal misses you.
Casting: Spider Form
Confirm with . or Enter, or press ? or * to list all spells.
You miscast Spider Form.
You feel slightly ill.
You are feeling hungry.
The jackal bites you but does no damage.
Your adder bites the jackal but does no damage.
The jackal barely misses you.
Your adder completely misses the jackal.
You barely miss the jackal. The jackal closely misses your adder.
Your adder barely misses the jackal.
You hit the jackal but do no damage.
Your adder withers and dies!
The jackal barely misses you.
You closely miss the jackal. You closely miss the jackal.
The jackal barely misses you.
You closely miss the jackal. The jackal bites you.
The jackal bites you but does no damage.
There is a large open door here.
You hit the jackal but do no damage. The jackal bites you.
You hit the jackal but do no damage. The jackal bites you.
* * * LOW HITPOINT WARNING * * *
It was a potion of degeneration.
There was something very wrong with that liquid.
You feel weakened.
You feel dopey.
You feel clumsy. The jackal bites you.
* * * LOW HITPOINT WARNING * * *
The jackal bites you but does no damage.
The jackal barely misses you.
The jackal bites you but does no damage.
The jackal bites you.
* * * LOW HITPOINT WARNING * * *
The jackal bites you but does no damage.
There is a large open door here.
The jackal closely misses you.
Casting: Spider Form
Confirm with . or Enter, or press ? or * to list all spells.
Your feet morph into talons.
You hit the jackal.
The jackal is almost dead.
The jackal closely misses you. x2; The jackal bites you.
* * * LOW HITPOINT WARNING * * *
You closely miss the jackal. Your kick misses the jackal.
The jackal is almost dead.
The jackal bites you but does no damage.
The jackal misses you.
You barely miss the jackal.
The jackal is severely wounded.
The jackal bites you.
* * * LOW HITPOINT WARNING * * *
The jackal bites you.
* * * LOW HITPOINT WARNING * * *
The jackal bites you.
* * * LOW HITPOINT WARNING * * *
You hit the jackal.
You kill the jackal!
The jackal bites you.
* * * LOW HITPOINT WARNING * * *
It was a potion of magic.
Magic courses through your body. The jackal bites you.
* * * LOW HITPOINT WARNING * * *
The jackal misses you.
It was a potion of resistance.
You feel protected. The jackal barely misses you.
It was a potion of might.
You feel very mighty all of a sudden. The jackal barely misses you.
You closely miss the jackal. The jackal completely misses you.
The jackal bites you.
You die...

#...........#
#######.#####
#.# #.# ##'##
##...##
##.....##
####†).....##
#..h@.......#
####''####.....+
#≈≈≈..≈≈≈#.....#
#≈......≈#....##
#≈..###.≈#...##
+..#..#..+..##
+..#..#..++##
#≈.###..≈#
#≈....).≈#


You could see a jackal.

Vanquished Creatures
  An adder (D:3)
  An ooze (D:3)
  4 leopard geckos
  2 orcs (D:3)
  A bat (D:2)
  3 giant cockroaches
  7 goblins
  3 hobgoblins
  A jackal (D:3)
  7 kobolds
  A ball python (D:2)
  2 frilled lizards
  2 rats
35 creatures vanquished.

Vanquished Creatures (collateral kills)
  2 orcs (D:3)
  2 goblins (D:2)
4 creatures vanquished.

Grand Total: 39 creatures vanquished

Notes
Turn   | Place    | Note
-------+----------+-------------------------------------------
     0 | D:1      | tidbits the Demigod Transmuter began the quest for the Orb.
     0 | D:1      | Reached XP level 1. HP: 15/15 MP: 5/5
    55 | D:1      | Reached skill level 3 in Unarmed Combat
   149 | D:1      | Reached XP level 2. HP: 22/22 MP: 5/7
   421 | D:2      | Noticed Natasha
   471 | D:2      | Learned a level 2 spell: Sticks to Snakes
   477 | D:2      | Reached XP level 3. HP: 20/27 MP: 5/8
   593 | D:3      | Reached skill level 2 in Spellcasting
   598 | D:3      | Learned a level 3 spell: Spider Form
   662 | D:3      | Reached skill level 2 in Transmutations
   704 | D:3      | Reached skill level 4 in Unarmed Combat
   758 | D:3      | HP: 1/27 [jackal (2)]
   761 | D:3      | Slain by a jackal

Skill      XL: |  1  2  3 |
---------------+----------+-----
Unarmed Combat | 3 4 |  4.1
Spellcasting   | 2 |  2.0
Transmutations | 2 |  2.0
Fighting       | |  0.8
Dodging        | |  1.7

Action                   || total
-------------------------++-------
Melee: Unarmed           ||    99
       Kick              ||     9
       Headbutt          ||     6
       Punch             ||     1
 Cast: Beastly Appendage ||    15
       Sticks to Snakes  ||     4
       Spider Form       ||     2
  Use: Potion            ||     4
Armor: Robe              ||    15
Dodge: Dodged            ||    60

Table legend:
 A = Turns spent in this place as a percentage of turns spent in the entire game.
 B = Non-inter-level travel turns spent in this place as a percentage of non-inter-level travel turns spent in the entire game.
 C = Inter-level travel turns spent in this place as a percentage of turns spent in this place.
 D = Turns resting spent in this place as a percentage of non-inter-level travel turns spent in this place.
 E = Turns spent auto-exploring this place as a percentage of non-inter-level travel turns spent in this place.
 F = Non-inter-level travel turns spent in this place divided by the number of levels of this place that you've seen.
                   A       B       C       D       E      F
               +-------+-------+-------+-------+-------+----------------------
         Total | 100.0 | 100.0 |   0.0 |   0.0 |   0.0 | 243.3
       Dungeon | 100.0 | 100.0 |   0.0 |   0.0 |   0.0 | 243.3
               +-------+-------+-------+-------+-------+----------------------

Table legend:
 A = Kills in this place as a percentage of kills in entire the game.
 B = Kills by you in this place as a percentage of kills by you in the entire game.
 C = Kills by friends in this place as a percentage of kills by friends in the entire game.
 D = Other kills in this place as a percentage of other kills in the entire game.
 E = Experience gained in this place as a percentage of experience gained in the entire game.
 F = Experience gained in this place divided by the number of levels of this place that you have seen.
                   A       B       C       D       E      F
               +-------+-------+-------+-------+-------+----------------------
         Total | 100.0 | 100.0 | 100.0 |  -nan | 100.0 |  29.7
       Dungeon | 100.0 | 100.0 | 100.0 |  -nan | 100.0 |  29.7
               +-------+-------+-------+-------+-------+----------------------

Vault maps used:
D:1:      minmay_arrival_stair_chambers
D:2:      nicolae_overflow_hidden_temple, uniq_sigmund, uniq_natasha, uniq_robin
D:3:      grunt_temple_overflow_diamond, first_bread, kennysheep_generic_room_7
